 Dungeon Crawl Stone Soup version 0.31.0-11-ge490571c62 (webtiles) character file.

Game seed: 15729586218405606410

6729 qw the Markself (level 10, -10/63 HPs)
             Began as a Deep Elf Hunter on Feb 4, 2024.
             Was a Priest of Okawaru.
             Mangled by a vampire (12 damage)
             ... on level 10 of the Dungeon.
             The game lasted 00:00:39 (7247 turns).

qw the Markself (Deep Elf Hunter)                   Turns: 7247, Time: 00:00:40

Health: -10/63     AC:  6    Str: 12    XL:     10   Next: 75%
Magic:  15/15      EV: 16    Int: 15    God:    Okawaru [***...]
Gold:   104        SH:  0    Dex: 18    Spells: 9/9 levels left

rFire   . . .        c - +4 orcbow (flame)
rCold   . . .        (shield currently unavailable)
rNeg    . . .        f - +1 ring mail
rPois   .            (no helmet)
rElec   .            (no cloak)
rCorr   +            (no gloves)
SInv    .            (no boots)
Will    +....        a - amulet of regeneration
Stlth   +            j - ring of resist corrosion
HPRegen 1.10/turn    (no ring)
MPRegen 0.14/turn

%: no passive effects
@: no status effects
A: no striking features
a: Renounce Religion, Heroism


You were on level 10 of the Dungeon.
You worshipped Okawaru.
Okawaru was most pleased with you.
You visited 2 branches of the dungeon, and saw 11 of its levels.

You collected 468 gold pieces.
You spent 364 gold pieces at shops.


   Skills:
 + Level 7.1 Fighting
 - Level 16.2 Ranged Weapons
 - Level 2.0 Armour
 - Level 10.0 Dodging
 - Level 1.2 Stealth
 - Level 4.0 Invocations


You had 9 spell levels left.
You didn't know any spells.
Your spell library was empty.

Inventory:

Hand Weapons
 c - a +4 orcbow of flaming (weapon)
Armour
 f - a +1 ring mail (worn)
Jewellery
 a - an amulet of regeneration (around neck)
 j - a ring of resist corrosion (left hand)
Wands
 h - a wand of polymorph (15)
 n - a wand of paralysis (7)
Scrolls
 i - a scroll of identify
 m - 2 scrolls of teleportation
Potions
 b - 3 potions of curing
 d - a potion of haste
 e - a potion of might
 g - a potion of mutation
 k - 4 potions of cancellation
 l - a potion of enlightenment

Dungeon Overview and Level Annotations

Branches:
Dungeon (10/15)            Temple (1/1) D:7
   Lair: D:8-11         Orc: D:9-12

Altars:
Ashenzari
Cheibriados
Dithmenos
Elyvilon
Fedhas
Gozag
Hepliaklqana
Kikubaaqudgha
Makhleb
Nemelex Xobeh
Okawaru
Qazlal
Ru
Trog
Vehumet
Wu Jian
Xom
Yredelemnul
Zin
The Shining One

Shops:
D:8 !


Message History

You shoot an arrow. You shoot an arrow.
You hear some strange, mumbled words.
Deactivating autopickup; reactivate with Ctrl-A.
Something tries to affect you, but you resist.
You shoot an arrow. The arrow hits the yak.
The arrow burns the yak.
The yak is lightly wounded.
You feel yourself slow down.
You shoot an arrow. The arrow hits the yak!
The arrow burns the yak.
The yak is moderately wounded.
You hear some strange, mumbled words.
You are confused.
7239 ||| DRINKING 4 potions of curing.
You feel better.
7239 ||| (to cure confusion)
Something hits you but does no damage. Something bites you.
Something draws strength from your injuries!
You shoot an arrow. The arrow hits the yak.
The arrow burns the yak.
The yak is heavily wounded.
Something hits you! Something bites you.
Something draws strength from your injuries!
You shoot an arrow. The arrow closely misses the yak.
You hear some strange, mumbled words.
Something tries to affect you, but you resist.
The yak gores you but does no damage.
You shoot an arrow. The arrow hits the yak!
The arrow burns the yak.
You kill the yak!
Okawaru accepts your kill. Something barely misses you. Something bites you!
Something draws strength from your injuries!
You shoot an arrow. You shoot an arrow. Something hits you.
Something bites you.
Something draws strength from your injuries!
You shoot an arrow. Something hits you. Something barely misses you.
You shoot an arrow. Something draws life force from you.
You shoot an arrow. Something closely misses you. Something bites you!
You die...

######## #####
........ #....
........ #....
........ #....
........
#....#####
........
#.......)#
<.......
#.%.{@...#
........
#........#
..######
.).............
..#
...............
..#
...............
..#
.....?.........
..#
...........####
..+
...........#


There were no monsters in sight!

Vanquished Creatures
  2 death yaks (D:10)
  12 yaks
  A fire bat (D:5)
  A steam dragon (D:9)
  A water moccasin (D:4)
  2 sky beasts
  An orc warrior (D:9)
  An ogre (D:6)
  3 black bears
  A centaur (D:6)
  A phantom (D:7)
  Blork the orc (D:5)
  4 bullfrogs
  4 gnoll sergeants
  2 scorpions (D:5)
  3 wights (D:8)
  12 killer bees
  A howler monkey (D:8)
  A bombardier beetle (D:6)
  2 jellies
  5 gnoll boudas
  4 hounds
  7 orc priests
  3 iguanas
  5 orc wizards
  8 adders
  22 gnolls
  2 shadow imps
  2 white imps
  2 dart slugs
  A ribbon worm (D:3)
  19 orcs
  6 endoplasms
  8 giant cockroaches
  13 goblins
  10 hobgoblins
  3 jackals (D:1)
  6 quokkas
  4 ball pythons
  5 bats
  4 frilled lizards
  5 kobolds
  3 rats
203 creatures vanquished.

Notes
Turn   | Place    | Note
-------+----------+-------------------------------------------
     0 | D:1      | qw the Deep Elf Hunter began the quest for the Orb.
     0 | D:1      | Reached XP level 1. HP: 12/12 MP: 3/3
     0 | D:1      | 0 ||| qw: Version: 0.3-a-160-g6735b56
     0 | D:1      | 0 ||| qw: Game counter: 4901
     0 | D:1      | 0 ||| qw: Melee chars always use a shield: true
     0 | D:1      | 0 ||| qw: God list: Okawaru
     0 | D:1      | 0 ||| qw: Allow faded altars: false
     0 | D:1      | 0 ||| qw: Do Orc after clearing Dungeon:15 true
     0 | D:1      | 0 ||| qw: Do second Lair branch before Depths: true
     0 | D:1      | 0 ||| qw: Lair rune preference: random
     0 | D:1      | 0 ||| qw: Goals: Normal
     0 | D:1      | 0 ||| PLANNING D:1-11
   103 | D:1      | Reached XP level 2. HP: 15/16 MP: 4/4
   117 | D:1      | Reached skill level 6 in Ranged Weapons
   326 | D:1      | Reached XP level 3. HP: 20/20 MP: 5/5
   574 | D:1      | 574 ||| UPGRADING to +0 ring mail.
   584 | D:1      | 584 ||| DROPPING +0 leather armour.
   585 | D:1      | 585 ||| UPGRADING to amulet of the acrobat.
   590 | D:1      | 590 ||| READING scroll labelled QITIASK UKLU.
   590 | D:1      | Identified a scroll of acquirement
   590 | D:1      | 590 ||| ACQUIRING +4 orcbow of flaming
   590 | D:1      | Acquired a +4 orcbow of flaming
   592 | D:1      | 592 ||| SWAPPING to +4 orcbow of flaming.
   593 | D:1      | 593 ||| DROPPING +0 shortbow.
   594 | D:1      | 594 ||| READING scroll labelled ODYIGG ROUHAVAWUNT.
   594 | D:1      | 594 ||| IDENTIFYING scroll labelled BYOSUV QUSHROC
   595 | D:1      | 595 ||| DROPPING scroll of butterflies.
   596 | D:1      | 596 ||| DROPPING scroll of vulnerability.
   654 | D:2      | Identified the orb "Bupibuloo" {*channel, *Slow rN+++ Hexes
                  | Summ}
   753 | D:2      | Reached skill level 7 in Ranged Weapons
   970 | D:2      | Found a bloodstained altar of Trog.
   975 | D:2      | Reached XP level 4. HP: 25/25 MP: 6/6
  1468 | D:2      | 1468 ||| DROPPING scarf of invisibility.
  1498 | D:3      | Identified the +1 rapier of Scuffed Valiance {venom, rN+
                  | MP+9}
  1805 | D:3      | Reached skill level 8 in Ranged Weapons
  2136 | D:3      | Found a stormy altar of Qazlal.
  2159 | D:3      | 2159 ||| READING 2 scrolls of identify.
  2159 | D:3      | 2159 ||| IDENTIFYING fuming purple potion
  2160 | D:3      | 2160 ||| READING scroll of identify.
  2160 | D:3      | 2160 ||| IDENTIFYING red potion
  2161 | D:3      | 2161 ||| DRINKING potion of experience.
  2161 | D:3      | Reached skill level 16 in Ranged Weapons
  2161 | D:3      | Reached XP level 5. HP: 29/29 MP: 7/7
  2162 | D:3      | 2162 ||| READING scroll labelled NUISI XODI.
  2167 | D:3      | 2167 ||| READING scroll labelled HICOAM QIETOUD.
  2168 | D:3      | 2168 ||| DRINKING 2 black potions.
  2169 | D:3      | 2169 ||| DROPPING potion of attraction.
  2266 | D:4      | Found a white marble altar of Elyvilon.
  2284 | D:4      | Noticed a water moccasin
  2288 | D:4      | Killed a water moccasin
  2289 | D:4      | Reached XP level 6. HP: 35/35 MP: 8/8
  2778 | D:4      | Reached skill level 3 in Dodging
  2933 | D:4      | 2933 ||| READING 3 scrolls of identify.
  2933 | D:4      | 2933 ||| IDENTIFYING golden potion
  2934 | D:4      | 2934 ||| READING 2 scrolls of identify.
  2934 | D:4      | 2934 ||| IDENTIFYING fizzy red potion
  2935 | D:4      | 2935 ||| READING scroll of identify.
  2935 | D:4      | 2935 ||| IDENTIFYING 2 viscous amethyst potions
  2936 | D:4      | 2936 ||| READING scroll labelled PUTEIM CUD LAM.
  2937 | D:4      | 2937 ||| READING scroll labelled MUBLU DOSUR OPPOGO.
  2938 | D:4      | 2938 ||| READING scroll labelled YLUUPIOROTA.
  2939 | D:4      | 2939 ||| DROPPING potion of berserk rage.
  2994 | D:5      | Entered Level 5 of the Dungeon
  3064 | D:5      | Noticed Blork the orc
  3067 | D:5      | Killed Blork the orc
  3068 | D:5      | Reached skill level 1 in Armour
  3098 | D:5      | Reached XP level 7. HP: 40/40 MP: 9/9
  3115 | D:5      | Reached skill level 3 in Fighting
  3199 | D:5      | 3199 ||| FLEEEEING.
  3323 | D:5      | Found a shimmering altar of Xom.
  3323 | D:5      | Noticed a fire bat
  3324 | D:5      | 3324 ||| RETREEEEATING.
  3325 | D:5      | 3325 ||| RETREEEEATING.
  3333 | D:5      | HP: 6/41 [fire bat (8)]
  3334 | D:5      | Killed a fire bat
  3338 | D:5      | HP: 2/41 [poisoned by a scorpion]
  3591 | D:5      | Identified the +5 short sword of Jeskesut {spect, rN+ Will+
                  | Dex+2}
  3600 | D:5      | 3600 ||| FLEEEEING.
  3601 | D:5      | 3601 ||| FLEEEEING.
  3603 | D:5      | 3603 ||| FLEEEEING.
  3604 | D:5      | 3604 ||| FLEEEEING.
  3605 | D:5      | 3605 ||| FLEEEEING.
  3606 | D:5      | 3606 ||| FLEEEEING.
  3607 | D:5      | 3607 ||| FLEEEEING.
  3608 | D:5      | 3608 ||| FLEEEEING.
  3609 | D:5      | 3609 ||| FLEEEEING.
  3610 | D:5      | 3610 ||| STAIRDANCE
  3679 | D:5      | 3679 ||| STAIRDANCE
  3684 | D:5      | 3684 ||| STAIRDANCE
  3687 | D:4      | Reached XP level 8. HP: 44/46 MP: 10/10
  3911 | D:5      | 3911 ||| READING scroll labelled YLEDGH LEWNYC.
  3911 | D:5      | 3911 ||| ENCHANTING +0 ring mail.
  4061 | D:6      | Found a snail-covered altar of Cheibriados.
  4174 | D:6      | Reached skill level 6 in Dodging
  4214 | D:6      | Found a sacrificial altar of Ru.
  4483 | D:6      | Identified the +0 chain mail of the Snake Pit {rF- rN+
                  | Will++}
  4963 | D:7      | 4963 ||| FLEEEEING.
  4987 | D:7      | 4987 ||| RETREEEEATING.
  4988 | D:7      | 4988 ||| RETREEEEATING.
  4992 | D:7      | 4992 ||| RETREEEEATING.
  5134 | D:7      | Reached XP level 9. HP: 54/54 MP: 11/11
  5184 | D:7      | Found a shadowy altar of Dithmenos.
  5281 | D:7      | Found a staircase to the Ecumenical Temple.
  5282 | D:7      | 5282 ||| PLANNING TEMPLE
  5282 | D:7      | 5282 ||| READING scroll labelled SOPNOF URAIL.
  5283 | D:7      | 5283 ||| DRINKING 2 glowing silvery potions.
  5284 | D:7      | 5284 ||| DROPPING wand of flame (8).
  5285 | D:7      | 5285 ||| DROPPING potion of magic.
  5294 | Temple   | Entered the Ecumenical Temple
  5295 | Temple   | 5295 ||| PLANNING OKAWARU WORSHIP
  5307 | Temple   | Became a worshipper of Warmaster Okawaru
  5308 | Temple   | 5308 ||| PLANNING D:1-11
  5702 | D:7      | Found the +5 woodcutter's axe
  5810 | D:7      | 5810 ||| READING scroll labelled SUISHR RISMIOLI.
  5812 | D:7      | 5812 ||| Stepping ~*~*~tactically~*~*~ (cloud).
  5935 | D:8      | 5935 ||| RETREEEEATING.
  5936 | D:8      | 5936 ||| RETREEEEATING.
  5938 | D:8      | Reached * piety under Okawaru
  6075 | D:8      | 6075 ||| RETREEEEATING.
  6078 | D:8      | Reached skill level 1 in Invocations
  6154 | D:8      | 6154 ||| RETREEEEATING.
  6291 | D:8      | You fall into a shaft and drop 1 floor!
  6314 | D:9      | Found a bloodstained altar of Trog.
  6396 | D:9      | 6396 ||| UPGRADING to amulet of regeneration.
  6406 | D:9      | 6406 ||| DROPPING amulet of the acrobat.
  6407 | D:9      | 6407 ||| UPGRADING to ring of resist corrosion.
  6412 | D:9      | 6412 ||| RETREEEEATING.
  6413 | D:9      | 6413 ||| RETREEEEATING.
  6414 | D:9      | 6414 ||| RETREEEEATING.
  6415 | D:9      | 6415 ||| RETREEEEATING.
  6417 | D:9      | 6417 ||| INVOKING Heroism.
  6421 | D:9      | Reached skill level 3 in Invocations
  6427 | D:9      | Reached ** piety under Okawaru
  6445 | D:9      | 6445 ||| READING 2 scrolls of identify.
  6445 | D:9      | 6445 ||| IDENTIFYING pink potion
  6446 | D:9      | 6446 ||| READING scroll of identify.
  6446 | D:9      | 6446 ||| IDENTIFYING blue potion
  6521 | D:8      | 6521 ||| INVOKING Heroism.
  6528 | D:8      | Reached XP level 10. HP: 28/60 MP: 11/14
  6532 | D:8      | HP: 15/60 [poisoned by a killer bee]
  6533 | D:8      | 6533 ||| READING 3 scrolls of teleportation.
  6535 | D:8      | HP: 6/60 [poisoned by a killer bee]
  6540 | D:8      | HP: 5/60 [poisoned by a killer bee]
  6640 | D:8      | Found Jorol's Distillery.
  6648 | D:8      | 6648 ||| BUYING potion of curing (42 gold).
  6648 | D:8      | Bought a potion of curing for 42 gold pieces
  6648 | D:8      | 6648 ||| BUYING potion of curing (42 gold).
  6648 | D:8      | Bought a potion of curing for 42 gold pieces
  6648 | D:8      | 6648 ||| BUYING potion of haste (140 gold).
  6648 | D:8      | Bought a potion of haste for 140 gold pieces
  6648 | D:8      | 6648 ||| BUYING potion of haste (140 gold).
  6648 | D:8      | Bought a potion of haste for 140 gold pieces
  6648 | D:8      | 6648 ||| SHOPLISTING potion of magic (112 gold, have 49).
  6648 | D:8      | 6648 ||| SHOPLISTING potion of might (56 gold, have 49).
  6921 | D:9      | Reached skill level 6 in Fighting
  6969 | D:9      | Reached skill level 9 in Dodging
  7041 | D:9      | 7041 ||| Stepping ~*~*~tactically~*~*~ (cloud).
  7153 | D:9      | 7153 ||| READING 2 scrolls of identify.
  7153 | D:9      | 7153 ||| IDENTIFYING smoky blue potion
  7161 | D:10     | Entered Level 10 of the Dungeon
  7171 | D:10     | Noticed a death yak
  7172 | D:10     | 7172 ||| INVOKING Heroism.
  7173 | D:10     | 7173 ||| DRINKING 2 potions of haste.
  7173 | D:10     | Noticed a death yak
  7177 | D:10     | 7177 ||| RETREEEEATING.
  7178 | D:10     | 7178 ||| RETREEEEATING.
  7179 | D:10     | 7179 ||| RETREEEEATING.
  7181 | D:10     | 7181 ||| RETREEEEATING.
  7182 | D:10     | 7182 ||| RETREEEEATING.
  7183 | D:10     | Killed a death yak
  7189 | D:10     | Noticed a death yak
  7198 | D:10     | Killed a death yak
  7198 | D:10     | Reached *** piety under Okawaru
  7202 | D:10     | HP: 15/61 [hell rat (1)]
  7203 | D:10     | 7203 ||| READING 3 scrolls of teleportation.
  7204 | D:10     | 7204 ||| DRINKING potion of heal wounds.
  7239 | D:10     | 7239 ||| DRINKING 4 potions of curing.
  7239 | D:10     | 7239 ||| (to cure confusion)
  7242 | D:10     | HP: 11/63 [something (7)]
  7246 | D:10     | HP: 1/63 [something (6)]
  7247 | D:10     | Mangled by a vampire

Levels and vault maps discovered:
D:1:      mainiacjoe_arrival_reflecting_pool, layout_loops_ring
D:2:      layout_basic, basic_altar, chequers_serial_rivers_micro_a
D:3:      layout_basic, overflow_temple_1_default, serial_bayou_pond_e
D:4:      layout_cave_pods, mainiacjoe_overflow_catwalk
D:5:      layout_basic, regret_index_xom_of_box, uniq_blork_the_orc
D:6:      layout_basic, nicolae_ru_great_annihilating_truth,
          lemuel_doored_altar, chequers_serial_rivers_small_b
D:7:      layout_loops_ring, grunt_dithmenos_smoke_and_mirrors,
          minmay_temple_entry_junction, pf_guarded_unrand_woodcutter
D:8:      layout_rooms, serial_shops, nicolae_shop_industrial_runoff,
          minmay_misc_feat_more_columns, chequers_garden
D:9:      layout_rooms, bloody_trog, kennysheep_cross_room
D:10:     layout_gridville, mainiacjoe_overflow_swirl, dpeg_lair_monsters,
          minmay_joined_circles, uniq_sonja
Temple:   nicolae_temple_ecumenical_triangle

Skill      XL: |  1  2  3  4  5  6  7  8  9 10 |
---------------+-------------------------------+-----
Ranged Weapons | 6 7 16 | 16.2
Fighting       | 2 3 5 7 |  7.1
Dodging        | 3 5 6 8 10 | 10.0
Armour         | 1 2 |  2.0
Invocations    | 3 4 |  4.0
Stealth        | |  1.2

Action                     |  1- 3 |  4- 6 |  7- 9 | 10-12 || total
---------------------------+-------+-------+-------+-------++-------
   Fire: Shortbow          |    73 |       |       |       ||    73
         Orcbow            |    33 |    68 |   266 |   103 ||   470
 Invoke: Heroism           |       |       |     2 |     1 ||     3
    Use: Scroll            |     2 |    10 |     5 |     3 ||    20
         Potion            |       |     2 |     1 |     3 ||     6
 Armour: Leather armour    |     6 |       |       |       ||     6
         Ring mail         |     3 |    15 |    43 |    39 ||   100
  Dodge: Dodged            |    19 |     9 |    55 |    53 ||   136

Table legend:
 A = Non-vault XP
 B = Vault XP
 C = Vault XP percentage of total XP
 D = Non-vault monster count
 E = Vault monster count
 F = Vault count percentage of total count
                 A         B        C        D         E       F
            +---------+---------+-------+---------+---------+-------
      Total |    7065 |    2404 |  25.4 |     183 |      20 |   9.9
            +---------+---------+-------+---------+---------+-------
        D:1 |      47 |       0 |   0.0 |      26 |       0 |   0.0
        D:2 |      70 |       0 |   0.0 |      21 |       0 |   0.0
        D:3 |      34 |       0 |   0.0 |      12 |       0 |   0.0
        D:4 |     252 |       0 |   0.0 |      13 |       0 |   0.0
        D:5 |     622 |     379 |  37.9 |      21 |       3 |  12.5
        D:6 |     957 |       7 |   0.7 |      17 |       4 |  19.0
        D:7 |     689 |     393 |  36.3 |      21 |       9 |  30.0
        D:8 |    1689 |       0 |   0.0 |      27 |       0 |   0.0
        D:9 |    2110 |       0 |   0.0 |      22 |       0 |   0.0
       D:10 |     595 |    1625 |  73.2 |       3 |       4 |  57.1
            +---------+---------+-------+---------+---------+-------
